 Dungeon Crawl Stone Soup version 0.23.2-33-g5129a83184 (webtiles) character file.

Game seed: 17365118911766278633

2450 Revguard the Basher (level 9, -3/88 HPs)
             Began as a Troll Berserker on July 5, 2019.
             Was an Elder of Trog.
             Slain by a killer bee (8 damage)
             ... on level 7 of the Dungeon.
             The game lasted 00:26:18 (6404 turns).

Revguard the Basher (Troll Berserker)               Turns: 6404, Time: 00:26:18

Health: -3/88      AC:  6    Str: 27    XL:     9   Next: 25%
Magic:  8/8        EV: 12    Int:  3    God:    Trog [****..]
Gold:   451        SH:  0    Dex: 12    Spells: 8/8 levels left

rFire    . . .     SeeInvis .   q - +0 giant spiked club
rCold    + . .     Gourm    +   (shield currently unavailable)
rNeg     . . .     Faith    .   a - +0 robe {rC+}
rPois    .         Spirit   .   (helmet restricted)
rElec    .         Reflect  .   (no cloak)
rCorr    .         Harm     .   (gloves unavailable)
MR       ++...                  (boots unavailable)
Stlth    +.........             (no amulet)
HPRegen  1.64/turn              (no ring)
MPRegen  0.11/turn              (no ring)

@: lethally poisoned (-3 -> -3), regenerating
A: large, unfitting armour, claws 3, deformed body, fast metabolism 3, gourmand,
mutation resistance 1, regeneration 1, shaggy fur 2, tough skin 3
a: Berserk, Trog's Hand, Brothers in Arms, Renounce Religion


You were on level 7 of the Dungeon.
You worshipped Trog.
Trog was greatly pleased with you.
You were full.

You visited 2 branches of the dungeon, and saw 8 of its levels.
You also visited: Ossuary.

You collected 451 gold pieces.

Inventory:

Hand Weapons
 o - a +0 giant club
 q - a +0 giant spiked club (weapon)
Missiles
 m - 4 javelins of penetration
 x - 2 large rocks (quivered)
Armour
 a - a +0 robe of cold resistance (worn)
Wands
 y - a wand of enslavement (3)
Scrolls
 f - 3 scrolls of blinking
 g - 3 scrolls of enchant armour
 j - 6 scrolls of teleportation
 k - 3 scrolls of fear
 l - 2 scrolls of identify
 n - 2 scrolls of immolation
 p - a scroll of fog
 r - a scroll of remove curse
 s - 2 scrolls of enchant weapon
Potions
 b - a potion of might
 e - 2 potions of agility
 h - a potion of flight
 i - a potion of cancellation
 u - a potion of degeneration
 v - a potion of resistance
Comestibles
 c - 14 rations


   Skills:
 + Level 5.0 Fighting
 + Level 9.1 Maces & Flails
 + Level 2.8 Throwing
 + Level 5.0 Dodging


You had 8 spell levels left.
You didn't know any spells.
Your spell library was empty.

Dungeon Overview and Level Annotations

Branches:
Dungeon (7/15)             Temple (1/1) D:5

Altars:
Ashenzari
Cheibriados
Dithmenos
Elyvilon
Fedhas
Gozag
Hepliaklqana
Kikubaaqudgha
Makhleb
Nemelex Xobeh
Okawaru
Qazlal
Ru
Sif Muna
Trog
Uskayaw
Vehumet
Wu Jian
Xom
Yredelemnul
Zin
The Shining One


Innate Abilities, Weirdness & Mutations

You are too large for most types of armour.
You have claws for hands.
Your metabolism is lightning-fast.
You like to eat raw meat.
Your natural rate of healing is unusually fast.
You are covered in thick fur. (AC +2)
You have extremely tough skin. (AC +3)
Armour fits poorly on your strangely shaped body.
You are somewhat resistant to further mutation.


Message History

You are more poisoned.
The killer bee poisons you! The killer bee completely misses you.
You closely miss the killer bee.
You feel sick. The killer bee barely misses you.
The killer bee stings you but does no damage.
The killer bee completely misses you.
You miss the killer bee.
You feel sick. The killer bee barely misses you. The killer bee misses you.
You miss the killer bee.
You feel sick. The killer bee stings you.
* * * LOW HITPOINT WARNING * * *
The killer bee misses you.
The killer bee stings you but does no damage.
You barely miss the killer bee.
You feel sick. The killer bee stings you.
* * * LOW HITPOINT WARNING * * *
The killer bee barely misses you. x2
Your skin crawls.
You feel resistant to hostile enchantments.
You feel somewhat less full.
You feel sick. The killer bee barely misses you. The killer bee stings you!
You die...

#.#.####.#
##.#.####.#
#......(..##
##......#....
##.....#.# #
##.._....#
#........# ####
#..y...#.# ...##
#.#@####.# ....#
#...# . ....#
###.# (...# #.#
...####
#.#######(......
#..)....†.......
################


You could see a killer bee.

Vanquished Creatures
  A hippogriff (D:6)
  Menkaure (Ossuary)
  An orc warrior (D:6)
  A sky beast (D:7)
  3 ogres
  2 centaurs
  An elf zombie (D:5)
  A bullfrog (D:6)
  2 elf skeletons (D:5)
  2 scorpions
  2 killer bees (D:7)
  2 centaur zombies (Ossuary)
  A crimson imp (D:4)
  A human zombie (D:5)
  A jelly (D:5)
  4 orc priests
  3 hounds
  7 orc wizards
  2 human skeletons (D:5)
  Jessica (D:2)
  3 iguanas
  2 worker ants
  A big kobold zombie (Ossuary)
  2 ogre zombies (Ossuary)
  4 mummies (Ossuary)
  8 adders
  3 oozes
  4 adder zombies
  4 worms
  2 dart slugs (D:1)
  3 leopard geckos
  16 orcs
  8 giant cockroaches
  7 goblins
  9 hobgoblins
  12 jackals
  6 quokkas
  3 ball pythons
  8 bats
  6 frilled lizards
  2 goblin zombies (Ossuary)
  3 hobgoblin zombies (Ossuary)
  2 jackal skeletons
  6 kobolds
  5 kobold zombies (Ossuary)
  A leopard gecko skeleton (D:4)
  9 quokka zombies (Ossuary)
  10 rats
  2 rat zombies (Ossuary)
190 creatures vanquished.

Vanquished Creatures (collateral kills)
  A centaur zombie (Ossuary)
  2 mummies (Ossuary)
  2 orcs (D:6)
5 creatures vanquished.

Grand Total: 195 creatures vanquished

Notes
Turn   | Place    | Note
-------+----------+-------------------------------------------
     0 | D:1      | Revguard the Troll Berserker began the quest for the Orb.
     0 | D:1      | Reached XP level 1. HP: 22/22 MP: 0/0
    92 | D:1      | Reached XP level 2. HP: 29/29 MP: 1/1
   164 | D:1      | Reached skill level 3 in Maces & Flails
   232 | D:1      | Gained mutation: Your spells are a little easier to cast,
                  | but a little less powerful. [potion of mutation]
   232 | D:1      | Gained mutation: You are somewhat resistant to further
                  | mutation. [potion of mutation]
   492 | D:2      | Reached ** piety under Trog
   492 | D:2      | Reached XP level 3. HP: 36/36 MP: 2/2
   765 | D:2      | Lost mutation: Your spells are a little easier to cast, but
                  | a little less powerful. [potion of mutation]
   765 | D:2      | Gained mutation: Armour fits poorly on your strangely
                  | shaped body. [potion of mutation]
   765 | D:2      | Gained mutation: You are covered in thick fur. (AC +2)
                  | [potion of mutation]
   962 | D:2      | Reached XP level 4. HP: 44/44 MP: 3/3
  1043 | D:2      | Noticed Jessica
  1055 | D:2      | Killed Jessica
  1055 | D:2      | Reached skill level 4 in Maces & Flails
  1289 | D:3      | Reached skill level 1 in Throwing
  1336 | D:3      | Reached XP level 5. HP: 44/53 MP: 4/4
  1365 | D:3      | Reached *** piety under Trog
  1989 | D:3      | Reached XP level 6. HP: 61/61 MP: 5/5
  2560 | D:4      | Reached skill level 5 in Maces & Flails
  2633 | D:4      | Reached XP level 7. HP: 48/67 MP: 6/6
  2753 | D:4      | Found a snail-covered altar of Cheibriados.
  3140 | D:5      | Entered Level 5 of the Dungeon
  3182 | D:5      | Reached skill level 6 in Maces & Flails
  3224 | D:5      | Found a bloodstained altar of Trog.
  3517 | D:5      | Reached **** piety under Trog
  3529 | D:5      | Reached XP level 8. HP: 64/78 MP: 7/7
  3534 | D:5      | Found a sand-covered staircase.
  3554 | D:5      | Reached skill level 7 in Maces & Flails
  3559 | Ossuary  | Entered an ossuary
  3785 | Ossuary  | Noticed Menkaure
  3786 | Ossuary  | Killed Menkaure
  4043 | D:5      | Lost intelligence.
  4096 | D:5      | Lost intelligence.
  4151 | D:5      | Received a gift from Trog
  4179 | D:5      | Reached skill level 8 in Maces & Flails
  4228 | D:5      | Found a staircase to the Ecumenical Temple.
  4239 | Temple   | Entered the Ecumenical Temple
  5106 | D:6      | Noticed a hippogriff
  5111 | D:6      | Killed a hippogriff
  5137 | D:6      | Reached XP level 9. HP: 85/85 MP: 8/8
  5534 | D:6      | Found a deep blue altar of Sif Muna.
  5559 | D:6      | Identified Sif Muna's Guide on Ice
  5921 | D:7      | Received a gift from Trog
  5981 | D:7      | Reached skill level 5 in Dodging
  6069 | D:7      | Reached skill level 5 in Fighting
  6069 | D:7      | Reached skill level 9 in Maces & Flails
  6290 | D:7      | Found a radiant altar of Vehumet.
  6341 | D:7      | HP: 3/88 [killer bee (7)]
  6403 | D:7      | HP: 4/88 [killer bee (4)]
  6404 | D:7      | Slain by a killer bee

Skill      XL: |  1  2  3  4  5  6  7  8  9 |
---------------+----------------------------+-----
Maces & Flails | 3 4 5 6 8 9 |  9.1
Dodging        | 3 4 5 |  5.0
Throwing       | 1 2 |  2.8
Fighting       | 3 4 5 |  5.0

Action                   |  1- 3 |  4- 6 |  7- 9 || total
-------------------------+-------+-------+-------++-------
Melee: Mace              |    94 |   129 |       ||   223
       Giant club        |       |     9 |    52 ||    61
       Giant spiked club |       |       |   275 ||   275
Throw: Large rock        |    11 |    26 |    18 ||    55
Invok: Berserk           |       |     3 |     6 ||     9
       Trog's Hand       |       |     1 |     7 ||     8
       Brothers in Arms  |       |       |     2 ||     2
Evoke: Wand              |       |       |     1 ||     1
  Use: Scroll            |     7 |     2 |     9 ||    18
       Potion            |     2 |       |    14 ||    16
 Stab: Sleeping          |       |       |     2 ||     2
  Eat: Chunk             |    15 |    17 |    48 ||    80
Armor: Animal skin       |    80 |    81 |     9 ||   170
       Robe              |       |       |   146 ||   146
       Skin              |       |       |    15 ||    15
Dodge: Dodged            |   101 |   111 |   229 ||   441
